 Dungeon Crawl Stone Soup version 0.29-a0-839-g4793fd635e (webtiles) character file.

Game seed: 10334936850686242746

130 Garessta the Vexing (level 4, -1/24 HPs)
             Began as a Vampire Enchanter on July 14, 2022.
             Slain by an ogre
             ... wielding a +0 giant spiked club
              (25 damage)
             ... on level 4 of the Dungeon.
             The game lasted 00:08:08 (3159 turns).

Garessta the Vexing (Vampire Enchanter)             Turns: 3159, Time: 00:08:10

Health: -1/24      AC:  4    Str:  7    XL:     4   Next: 89%
Magic:  6/8        EV: 12    Int: 19    God:
Gold:   195        SH:  0    Dex: 14    Spells: 0/9 levels left

rFire   . . .      SeeInvis +   a - +1 dagger
rCold   + + .      Faith    .   (no shield)
rNeg    + + +      Spirit   .   b - +0 robe
rPois   ∞          Reflect  .   v - +0 helmet
rElec   .          Harm     .   f - +0 cloak
rCorr   .          Rampage  .   (no gloves)
Will    .....                   (no boots)
Stlth   +++++.....              (no amulet)
HPRegen 0.00/turn               (no ring)
MPRegen 0.11/turn               (no ring)

@: bloodless, inhibited regen
A: bloodless, fangs 3, see invisible, vampiric 2
a: Bat Form, Revivify


You were on level 4 of the Dungeon.
You visited 1 branch of the dungeon, and saw 4 of its levels.

You collected 195 gold pieces.

Inventory:

Hand Weapons
 a - a +1 dagger (weapon)
Missiles
 n - 2 boomerangs
Armour
 b - a +0 robe (worn)
 f - a +0 cloak (worn)
 v - a +0 helmet (worn)
Jewellery
 t - an amulet of guardian spirit
 w - a ring of protection from fire
Scrolls
 h - 3 scrolls of teleportation {unknown}
 k - a scroll of poison {unknown}
 m - a scroll of fear {unknown}
 o - a scroll of brand weapon {unknown}
 p - a scroll of amnesia {unknown}
 s - a scroll of identify {unknown}
Potions
 c - 2 potions of invisibility
 d - 4 potions of curing {unknown}
 e - 2 potions of heal wounds {unknown}
 g - a potion of ambrosia {unknown}
 i - 3 potions of might {unknown}
 j - 2 potions of mutation {unknown}
 l - a potion of haste {unknown}
 q - a potion of flight {unknown}
 r - a potion of degeneration {unknown}
 u - a potion of berserk rage {unknown}


   Skills:
 + Level 0.0 Fighting
 + Level 1.1 Short Blades
 + Level 2.1 Dodging
 + Level 4.4 Stealth
 + Level 3.1 Spellcasting
 + Level 6.0 Hexes
 + Level 2.4 Ice Magic


You couldn't memorise any spells.
You knew the following spells:

 Your Spells              Type           Power      Damage    Failure   Level
a - Ensorcelled Hibernat  Hex/Ice        38%        N/A       4%          2
b - Confusing Touch       Hex            25%        N/A       3%          3
c - Tukima's Dance        Hex            25%        N/A       3%          3
d - Slow                  Hex            100%       N/A       1%          1

Your spell library contained the following spells:

 Spells                   Type           Power      Damage    Failure   Level
 Dazzling Flash           Conj/Hex       28%        N/A       13%         3
 Vampiric Draining        Necr           2%         2d6       41%         3


Dungeon Overview and Level Annotations

Branches:
Dungeon (4/15)
 Temple: D:4-7

Altars:


Innate Abilities, Weirdness & Mutations

You do not regenerate when monsters are visible.
You are frail without blood (-20% HP).
You can heal yourself when you bite living creatures.
You are immune to poison.
You have razor-sharp teeth.
You have supernaturally acute eyesight. (SInv)
You are afflicted with vampirism and can become a bat while bloodless.


Message History

The kobold looks drowsy...
The helpless kobold fails to defend itself.
You bite the kobold, and draw its blood!
You puncture the kobold!
You kill the kobold!
You see here a +2 short sword of holy wrath.
You open the door.
Found 6 poisoned darts.
There is an open door here.
You now have 195 gold pieces (gained 4).
Found a stone staircase leading down.
There is a stone staircase leading down here.
You open the door.
An ogre comes into view. It is wielding a +0 giant spiked club.
Found 10 gold pieces.
There is an open door here.
There is a stone staircase leading down here.
This spell is quite dangerous to cast!
Memorise Tukima's Dance, consuming 3 spell levels and leaving 1?
You start memorising the spell.
You continue memorising. x3
You finish memorising.
Spell assigned to 'c'.
Memorise Slow, consuming 1 spell level and leaving 0?
You start memorising the spell.
You continue memorising.
You finish memorising.
Spell assigned to 'd'.
Okay, then.
There is a stone staircase leading down here.
There is an open door here.
The helpless ogre fails to defend itself.
You bite the ogre, and draw its blood! You impale the ogre!! You bite the ogre.
The ogre is severely wounded.
The ogre barely misses you.
Casting: Ensorcelled Hibernation (safe; 4% risk of failure)
Confirm with . or Enter, or press ? or * to list all spells.
Aiming: Ensorcelled Hibernation (safe; 4% risk of failure)
Press: ? - help, Shift-Dir - straight line, f - ogre
Aim: an ogre, wielding a +0 giant spiked club (severely wounded, chance to affect: 51%)
The ogre resists with some effort.
The ogre hits you with a +0 giant spiked club!!
Ouch! That really hurt!
You die...

#.......#
#.#####.# #.#
#.# #.#####.#
########>#.....#
#....$##.#.#####
#.....##.#.#
##.....##.#.#
#...O@.'..#.#
##.....####.#
#.....# #.#
#.....# #.#
#.....# #.#
#.....# #.# #.
#(....# #.# #.
#.....####.# #.
#..........# #.


You could see an ogre.

Vanquished Creatures
  Crazy Yiuf (D:2)
  Jessica (D:2)
  2 adders
  A dart slug (D:1)
  2 orcs
  6 ball pythons
  8 endoplasms
  A giant cockroach (D:3)
  4 hobgoblins
  3 quokkas
  6 bats
  2 frilled lizards
  7 goblins
  4 kobolds
  5 rats
53 creatures vanquished.

Notes
Turn   | Place    | Note
-------+----------+-------------------------------------------
     0 | D:1      | Garessta the Vampire Enchanter began the quest for the Orb.
     0 | D:1      | Reached XP level 1. HP: 13/13 MP: 3/3
   180 | D:1      | Reached XP level 2. HP: 19/19 MP: 5/5
   183 | D:1      | Learned a level 2 spell: Ensorcelled Hibernation
   341 | D:1      | Reached skill level 1 in Ice Magic
   671 | D:1      | Reached skill level 5 in Hexes
   738 | D:1      | Found a faded altar of an unknown god.
   828 | D:1      | Gained mutation: You are afflicted with vampirism and can
                  | become a bat while bloodless. [Vampire growth]
   828 | D:1      | Reached XP level 3. HP: 24/24 MP: 6/6
   832 | D:1      | Learned a level 3 spell: Confusing Touch
  1223 | D:2      | Noticed Jessica
  1227 | D:2      | Killed Jessica
  1258 | D:2      | Found a runed translucent door.
  1259 | D:2      | Noticed Crazy Yiuf
  1268 | D:2      | Killed Crazy Yiuf
  1269 | D:2      | Reached XP level 4. HP: 15/24 MP: 5/8
  2717 | D:4      | Reached skill level 6 in Hexes
  3136 | D:4      | Noticed an ogre
  3148 | D:4      | Learned a level 3 spell: Tukima's Dance
  3150 | D:4      | Learned a level 1 spell: Slow
  3159 | D:4      | Slain by an ogre

Illustrated notes

Levels and vault maps discovered:
D:1:      scummos_arrival_forest, layout_loops_ring,
          ebering_ecumenical_altar_abandoned
D:2:      layout_loops_ring, serial_bayou_ford_a, minmay_tromino_v2,
          uniq_jessica, uniq_crazy_yiuf_cottage
D:3:      layout_basic, minivault_23, st_stairs_9
D:4:      layout_basic

Skill      XL: |  1  2  3  4 |
---------------+-------------+-----
Ice Magic      | 1 2 |  2.4
Hexes          | 5 6 |  6.0
Spellcasting   | 3 |  3.1
Short Blades   | |  1.1
Dodging        | |  2.1
Stealth        | |  4.4

Action                   |  1- 3 |  4- 6 || total
-------------------------+-------+-------++-------
Melee: Dagger            |    53 |    28 ||    81
       Bite              |     1 |     1 ||     2
 Cast: Ensorcelled Hiber |    14 |    15 ||    29
 Abil: Exsanguinate      |     1 |       ||     1
 Stab: Sleeping          |    25 |    21 ||    46
Armor: Robe              |     4 |     7 ||    11
Dodge: Dodged            |    12 |     9 ||    21

Table legend: (Time is in decaauts)
 A = Elapsed time spent in this place.
 B = Non-inter-level travel time spent in this place.
 C = Inter-level travel time spent in this place.
 D = Time resting spent in this place.
 E = Time spent auto-exploring this place.
 F = Levels seen in this place.
 G = Mean time per level.
                   A        B        C        D        E       F      G
               +--------+--------+--------+--------+--------+-----+--------+
         Total |   3163 |   3110 |     53 |      8 |   2634 |   4 |  790.8 |
       Dungeon |   3163 |   3110 |     53 |      8 |   2634 |   4 |  790.8 |
               +--------+--------+--------+--------+--------+-----+--------+

Top non-repeatable levels by time:
     D:3: 986 daAuts
     D:1: 979 daAuts
     D:2: 745 daAuts
     D:4: 451 daAuts
